AoeStats
← jyasin.yildiz

Black Forest

510849673Analyzed
2v2 RM · 8h ago on Oct 2, 2026· 43m 47s· 4 players
Game mode
Random Map
Map size
Medium (4 player)
Population
200
Speed
Normal
Resources
Standard
Victory
Conquest
Starting age
Dark Age
Ending age
Imperial Age
RankedLock teamsTeams togetherTeam positionsShared explorationLock speedFull tech treeHidden civsTurbo modeCheats
Victory
Defeat
🇪🇸 Maya · Spain
1028
+15
🇵🇪 Spanish · Peru
992
+16
🇹🇷 Bohemians · Türkiye
1013
-16
🇹🇷 Teutons · Türkiye
990
-15
jyasin.yildiz
0:35 Loom
15:25 Feudal Age
16:24 Double-Bit Axe
16:20 Horse Collar
18:12 Wheelbarrow
22:24 Castle Age
21:04 Wheelbarrow
21:08 Wheelbarrow
20:50 Padded Archer Armor
22:29 Fletching
25:00 Pikeman
25:42 Squires
26:06 Bodkin Arrow
26:37 Forging
26:28 Scale Mail Armor
27:06 Squires
28:14 Iron Casting
31:38 Hand Cart
33:16 Bow Saw
34:00 Heavy Plow
36:01 Leather Archer Armor
37:28 Elite Skirmisher
39:12 Chemistry
39:47 Wagenburg Tactics
42:06 Ballistics
41:43 Murder Holes
45:25 Imperial Age
43:32 Chain Mail Armor
42:46 Man-at-Arms
☾★Ertugrul☾★
0:54 Loom
12:51 Feudal Age
17:47 Castle Age
16:12 Fletching
16:44 Padded Archer Armor
18:18 Elite Skirmisher
20:19 Crossbowman
23:11 Bodkin Arrow
24:18 Wheelbarrow
23:56 Double-Bit Axe
28:59 Pikeman
33:46 Leather Archer Armor
41:23 Imperial Age
Bal
0:27 Loom
10:19 Feudal Age
11:02 Double-Bit Axe
14:00 Fletching
14:53 Horse Collar
22:11 Castle Age
20:14 Padded Archer Armor
20:32 Scale Mail Armor
20:37 Gold Mining
21:31 Forging
21:24 Stone Mining
23:14 Bow Saw
23:55 Squires
23:46 Eagle Warrior
27:12 Chain Mail Armor
29:50 Wheelbarrow
31:51 Iron Casting
31:19 Squires
35:29 Imperial Age
33:09 Heavy Plow
33:08 Arson
35:34 Elite Eagle Warrior
37:38 Plate Mail Armor
39:26 Blast Furnace
39:59 Conscription
41:52 Holcans
42:50 Leather Archer Armor
CarolusGulielmus
0:50 Loom
11:18 Feudal Age
12:10 Double-Bit Axe
19:25 Castle Age
17:46 Stone Mining
18:10 Gold Mining
32:33 Bow Saw
36:38 Imperial Age
37:18 Wheelbarrow
38:28 Chemistry
43:47 Stone Shaft Mining
44:02 Husbandry
44:12 Bloodlines
Connection lost

Rejoining the realm…

Still unreachable

The connection could not be restored.

Session expired

The server has moved on; the page needs a fresh start.